 Dungeon Crawl Stone Soup version 0.19-a0-1899-g2d93087 (webtiles) character file.

587 junb69 the Skirmisher (level 7, -1/64 HPs)
             Began as a Purple Draconian Fighter on Oct 19, 2016.
             Slain by a hippogriff (8 damage)
             ... on level 4 of the Dungeon.
             The game lasted 00:08:04 (4006 turns).

junb69 the Skirmisher (Purple Draconian Fighter)    Turns: 4006, Time: 00:08:04

Health: -1/64      AC:  9    Str: 17 (19) XL:     7   Next: 15%
Magic:  7/7        EV: 10    Int:  6 (9)  God:
Gold:   195        SH:  8    Dex:  8 (11) Spells: 0 memorised, 6 levels left

rFire  . . .     SeeInvis .     a - +0 long sword
rCold  . . .     Gourm    .     (armour unavailable)
rNeg   . . .     Faith    .     b - +0 shield
rPois  .         Spirit   .     y - +2 hat
rElec  .         Reflect  .     (no cloak)
rCorr  .         Harm     .     s - +0 pair of gloves
MR     +....                    (no boots)
Stlth  +.........               c - amulet of magic regeneration
                                (no ring)
                                (no ring)

@: no status effects
A: breathe power, unfitting armour, cold-blooded, AC +6
a: Breathe Dispelling Energy


You were on level 4 of the Dungeon.
You were hungry.

You visited 1 branch of the dungeon, and saw 5 of its levels.

You collected 195 gold pieces.

Inventory:

Hand Weapons
 a - a +0 long sword (weapon)
Armour
 b - a +0 shield (worn)
 s - a +0 pair of gloves (worn)
 y - a +2 hat (worn)
Jewellery
 c - an amulet of magic regeneration (around neck)
Scrolls
 f - 2 scrolls of recharging {unknown}
 i - 2 scrolls of teleportation {unknown}
 j - 4 scrolls of identify
 p - 3 scrolls of remove curse {unknown}
 q - 2 scrolls of immolation {unknown}
 t - a scroll of random uselessness {unknown}
 A - a scroll of enchant weapon {unknown}
 B - a scroll of enchant armour {unknown}
 C - a scroll of fear {unknown}
Potions
 e - a potion of curing
 g - a potion of degeneration
 h - a potion of cancellation {unknown}
 k - a potion of haste {unknown}
 m - a potion of magic
 n - a potion of brilliance {unknown}
 r - a potion of berserk rage {unknown}
 u - a potion of resistance {unknown}
 w - a potion of lignification {unknown}
 x - a potion of agility {unknown}
Comestibles
 d - 4 bread rations
 l - 4 fruits
 o - 2 beef jerkies
 v - a slice of pizza
 z - 3 chunks of flesh


   Skills:
 * Level 6.7 Fighting
 * Level 5.8 Long Blades
 - Level 2.6 Dodging
 - Level 3.0 Shields


You had 6 spell levels left.
You didn't know any spells.

Dungeon Overview and Level Annotations

Branches:
Dungeon (5/15)
 Temple: D:4-7

Altars:
Fedhas
Kikubaaqudgha
Makhleb
Nemelex Xobeh
Yredelemnul
Zin


Innate Abilities, Weirdness & Mutations

You can breathe bolts of dispelling energy.
Your rich purple scales are hard. (AC +6)
You cannot fit into any form of body armour.
You are cold-blooded and may be slowed by cold attacks.


Message History

The hippogriff barely misses you.
It was a potion of degeneration.
There was something very wrong with that liquid.
You feel weakened.
You feel dopey.
You feel clumsy. The hippogriff closely misses you. The hippogriff pecks you.
* * * LOW HITPOINT WARNING * * *
You block the hippogriff's attack. Why would you want to do that?
The adder hisses angrily.
The hippogriff bites you.
* * * LOW HITPOINT WARNING * * *
The hippogriff pecks you!
* * * LOW HITPOINT WARNING * * *
The hippogriff barely misses you. A mysterious force pulls you upwards.
The hatch slams shut behind you.
You feel better. The hippogriff bites you!
* * * LOW HITPOINT WARNING * * *
The hippogriff pecks you but does no damage.
The hippogriff claws you!
You die...

#......##.# #########.#
#.# #.# #.#########
#.##......# #.##.####.#
##############.##.# ##.###
#........@H.##.##.###.....
#.###.#.###.##.##.##...###
#.# #.#.# #............#
#.# #.#.# ##......##...#
#.# #.#.# ##...#......#
###### #.###.#.#
##.######### .....#
#.......# #.# .###.#
#####.### #.# ## .###.#
#.# ##'## #.


You could see a hippogriff.

Vanquished Creatures
  The ghost of Amnesiac the Ruffian, an amateur VSMo of Gozag (D:4)
  An ice beast (D:5)
  An ogre (D:5)
  Ijyb (D:2)
  An iguana (D:5)
  A howler monkey skeleton (D:4)
  6 adders
  3 gnolls
  2 adder skeletons (D:4)
  7 worms
  A dart slug (D:1)
  6 leopard geckos
  An orc (D:3)
  8 bats
  9 giant cockroaches
  7 goblins
  8 hobgoblins
  3 jackals
  6 quokkas
  A ball python skeleton (D:4)
  5 frilled lizards
  A jackal skeleton (D:4)
  10 kobolds
  4 rats
94 creatures vanquished.

Notes
Turn   | Place    | Note
-------+----------+-------------------------------------------
     0 | D:1      | junb69 the Draconian Fighter began the quest for the Orb.
     0 | D:1      | Reached XP level 1. HP: 19/19 MP: 1/1
   153 | D:1      | Reached XP level 2. HP: 18/26 MP: 2/2
   553 | D:1      | Reached XP level 3. HP: 6/33 MP: 3/3
   883 | D:2      | Reached skill level 4 in Fighting
   909 | D:2      | Found an ancient bone altar of Kikubaaqudgha.
   913 | D:2      | Found a glowing silver altar of Zin.
  1226 | D:2      | Reached XP level 4. HP: 31/41 MP: 4/4
  1281 | D:2      | Noticed Ijyb
  1303 | D:2      | Killed Ijyb
  1604 | D:2      | Reached XP level 5. HP: 46/47 MP: 5/5
  1698 | D:3      | Reached skill level 5 in Fighting
  1856 | D:3      | Found a sparkling altar of Nemelex Xobeh.
  2634 | D:4      | Found a burning altar of Makhleb.
  2873 | D:4      | Noticed Amnesiac's ghost (amateur VSMo)
  2901 | D:4      | Killed Amnesiac's ghost
  2901 | D:4      | Reached skill level 6 in Fighting
  2901 | D:4      | Reached skill level 5 in Long Blades
  2901 | D:4      | Reached XP level 6. HP: 15/57 MP: 6/6
  2925 | D:4      | Found a blossoming altar of Fedhas.
  3527 | D:5      | Entered Level 5 of the Dungeon
  3586 | D:5      | Found a basalt altar of Yredelemnul.
  3613 | D:5      | Noticed an ice beast
  3625 | D:5      | Killed an ice beast
  3798 | D:5      | Your scales start taking on a rich purple colour.
  3798 | D:5      | Reached XP level 7. HP: 38/64 MP: 7/7
  3968 | D:5      | Noticed a hippogriff
  4006 | D:4      | Slain by a hippogriff

Vault maps used:
D:1:      scummos_arrival_simple_fountains
D:2:      grunt_temple_overflow_open, uniq_iyjb
D:3:      nemelex_altar_shiori
D:4:      kennysheep_mini_moat, fedhas_altar_4, first_bread
D:5:      nicolae_overflow_crystal_walls, overflow_temple_1_default,
          kennysheep_boxes

Skill      XL: |  1  2  3  4  5 |
---------------+----------------+-----
Long Blades    | 3 4 5 |  5.8
Fighting       | 4 6 |  6.7
Dodging        | |  2.6
Shields        | |  3.0

Action                   |  1- 3 |  4- 6 |  7- 9 || total
-------------------------+-------+-------+-------++-------
Melee: Long sword        |    88 |   212 |    23 ||   323
       Tailslap          |    13 |    39 |     5 ||    57
  Use: Potion            |     1 |     3 |     3 ||     7
       Scroll            |       |     1 |       ||     1
 Stab: Sleeping          |     1 |     1 |       ||     2
       Distracted        |     1 |       |       ||     1
  Eat: Chunk             |     1 |     6 |     1 ||     8
       Fruit             |       |     2 |       ||     2
Armor: Skin              |    29 |    64 |    17 ||   110
Dodge: Dodged            |    55 |    78 |    16 ||   149
Block: Shield            |    42 |    94 |    19 ||   155
       Rpst.: Long sword |    22 |    26 |     3 ||    51
